 Dungeon Crawl Stone Soup version 0.23-a0-356-g1757c6e (webtiles) character file.

6 Cryolive the Digger (level 1, 0/10 HPs)
             Began as a Gargoyle Earth Elementalist on Oct 21, 2018.
             Slain by a kobold (2 damage)
             ... on level 1 of the Dungeon.
             The game lasted 00:00:40 (197 turns).

Cryolive the Digger (Gargoyle Earth Elementalist)    Turns: 197, Time: 00:00:41

Health: 0/10       AC:  4    Str: 11    XL:     1   Next: 90%
Magic:  2/3        EV: 12    Int: 15    God:
Gold:   8          SH:  0    Dex: 10    Spells: 3/4 levels left

rFire    . . .     SeeInvis .   e - +0 short sword
rCold    . . .     Gourm    .   (no shield)
rNeg     + . .     Faith    .   c - +0 robe
rPois    ∞         Spirit   .   (no helmet)
rElec    +         Reflect  .   (no cloak)
rCorr    .         Harm     .   (no gloves)
MR       .....                  (no boots)
Stlth    ++........             (no amulet)
HPRegen  0.03/turn              (no ring)
MPRegen  0.08/turn              (no ring)

@: no status effects
A: negative energy resistance 1, electricity resistance, unbreathing,
petrification resistance, rot immunity, AC +2
a: no special abilities


You were on level 1 of the Dungeon.
You were not hungry.

You visited 1 branch of the dungeon, and saw 1 of its levels.

You collected 8 gold pieces.

Inventory:

Hand Weapons
 e - a +0 short sword (weapon)
Missiles
 b - 60 stones (quivered)
Armour
 c - a +0 robe (worn)
Scrolls
 a - 2 scrolls of blinking {unknown}
Comestibles
 d - a ration


   Skills:
 + Level 1.7 Dodging
 + Level 2.1 Stealth
 + Level 2.1 Spellcasting
   Level 0.7 Transmutations
 + Level 3.9 Earth Magic


You had 3 spell levels left.
You knew the following spells:

 Your Spells              Type           Power        Failure   Level  Hunger
a - Sandblast             Erth           ##....       4%          1    #......

Your spell library contained the following spells:

 Spells                   Type           Power        Failure   Level  Hunger
 Passwall                 Tmut/Erth      #.......     13%         2    ###....
 Stone Arrow              Conj/Erth      #.....       30%         3    ###....
 Petrify                  Tmut/Erth      #.......     63%         4    #####..
 Lee's Rapid Deconstruct  Erth           ##........   77%         5    ######.


Dungeon Overview and Level Annotations

Branches:
Dungeon (1/15)

Altars:


Innate Abilities, Weirdness & Mutations

You are resistant to torment.
Your stone body is resilient. (AC +2)
You are immune to poison.
You resist negative energy. (rN+)
You are resistant to electric shocks. (rElec)
You can survive without breathing.
You are immune to petrification.
You are immune to rotting.


Message History

Ye closely miss tha bat.
Tha bat hits ye but does nay damage.
Tha bat hits ye but does nay damage. x2
Castin': Sandblast (safe; 4% risk o' failure) Confirm wit' . or Enter, or press ? or * ta list all spells.
Aimin': Sandblast (safe; 4% risk o' failure)
Press: ? - help, Shift-Dir - straight line, f - bat
Aim: a bat Tha blast o' sand hits tha bat.
Ye kill tha bat!
b - 60 stones Tha kobold misses ye.
Ye closely miss tha goblin.
Tha kobold misses ye.
Tha goblin hits ye but does nay damage.
Ye closely miss tha goblin.
Tha kobold closely misses ye.
Tha goblin misses ye.
Ye closely miss tha goblin.
Tha kobold hits ye but does nay damage.
Tha goblin misses ye.
Ye closely miss tha goblin.
Tha kobold hits ye.
* * * LOW HITPOINT WARNIN'
* * * Tha goblin hits ye but does nay damage.
Tha kobold hits ye.
Ye die...

........#
#.# #.....
........#
#.#####..###
....K...#
#........#
........#
##..####.##
...K...)##
#...# #.##
#..###..##
#..#
#.......#
#..###
#gK.###.#
#...[.
#@#.###.#
#.....
#...(...#
#.....
###..##.#
#.####
....#.# #.##
##..#.#
#..## #.#
##..## .#
##..# . ##.#
#.#


You could see a goblin and a kobold.

Vanquished Creatures
  2 hobgoblins (D:1)
  2 bats (D:1)
  A kobold (D:1)
  A rat (D:1)
6 creatures vanquished.

Notes
Turn   | Place    | Note
-------+----------+-------------------------------------------
     0 | D:1      | Cryolive the Gargoyle Earth Elementalist began the quest
                  | for the Orb.
     0 | D:1      | Reached XP level 1. HP: 10/10 MP: 3/3
   197 | D:1      | Slain by a kobold

Vault maps used:
D:1:      psy_arrival_spokes, minivault_23

Action                   || total
-------------------------++-------
Melee: Short sword       ||    15
 Cast: Sandblast         ||     3
Armor: Robe              ||    12
Dodge: Dodged            ||    22

Table legend:
 A = Non-vault XP
 B = Vault XP
 C = Vault XP percentage of total XP
 D = Non-vault monster count
 E = Vault monster count
 F = Vault count percentage of total count
                 A         B        C        D         E       F
            +---------+---------+-------+---------+---------+-------
      Total |       9 |       0 |   0.0 |       6 |       0 |   0.0
            +---------+---------+-------+---------+---------+-------
        D:1 |       9 |       0 |   0.0 |       6 |       0 |   0.0
            +---------+---------+-------+---------+---------+-------
